 Dungeon Crawl Stone Soup version 0.20-a0-453-g91466d2 (webtiles) character file.

20 Kriby the Magician (level 2, -1/19 HPs)
             Began as a Mummy Fire Elementalist on Jan 8, 2017.
             Slain by a jackal (3 damage)
             ... on level 1 of the Dungeon.
             The game lasted 00:00:53 (411 turns).

Kriby the Magician (Mummy Fire Elementalist)         Turns: 411, Time: 00:00:53

Health: -1/19      AC:  2    Str: 11    XL:     2   Next: 58%
Magic:  1/6        EV: 12    Int: 14    God:
Gold:   47         SH:  0    Dex: 12    Spells: 6/7 levels left

rFire  x . .     SeeInvis .     c - -1 dagger (curse)
rCold  + . .     Gourm    .     a - +0 robe
rNeg   + + +     Faith    .     (no shield)
rPois  ∞         Spirit   .     (no helmet)
rElec  .         Reflect  .     (no cloak)
rCorr  .         Harm     .     (no gloves)
MR     .....                    (no boots)
Stlth  ++........               (no amulet)
                                (no ring)
                                (no ring)

@: very slightly contaminated
A: no food or potions, fire vulnerability, cold resistance 1, negative energy
resistance 3, torment resistance, unbreathing
a: no special abilities


You were on level 1 of the Dungeon.
You were not hungry.

You visited 1 branch of the dungeon, and saw 1 of its levels.

You collected 47 gold pieces.

Inventory:

Hand Weapons
 c - a cursed -1 dagger (weapon)
Armour
 a - a +0 robe (worn)
Scrolls
 d - a scroll of identify {unknown}
Books
 b - a book of Flames

   Spells                             Type                      Level
   a - Flame Tongue                   Conjuration/Fire             1
   b - Throw Flame                    Conjuration/Fire             2
   c - Conjure Flame                  Conjuration/Fire             3
   d - Inner Flame                    Hexes/Fire                   3
   e - Sticky Flame                   Conjuration/Fire             4
   f - Fireball                       Conjuration/Fire             5


   Skills:
 - Level 1.5 Dodging
 - Level 1.5 Stealth
 + Level 3.2 Spellcasting
 * Level 1.4 Conjurations
 + Level 2.6 Fire Magic


You had 6 spell levels left.
You knew the following spells:

 Your Spells              Type           Power        Failure   Level  Hunger
a - Flame Tongue          Conj/Fire      #....        12%         1    N/A

Dungeon Overview and Level Annotations

Branches:
Dungeon (1/15)

Altars:


Innate Abilities, Weirdness & Mutations

You do not eat or drink.
Your flesh is vulnerable to fire.
You are immune to poison.
Your flesh is cold resistant. (rC+)
You are immune to negative energy. (rN+++)
You are immune to unholy pain and torment.
You can survive without breathing.


Message History

The jackal bites you.
* * * LOW HITPOINT WARNING * * *
The jackal bites you.
* * * LOW HITPOINT WARNING * * *
The jackal bites you but does no damage.
The jackal bites you.
* * * LOW HITPOINT WARNING * * *
Casting: Flame Tongue
Confirm with . or Enter, or press ? or * to list all spells.
Aiming: Flame Tongue
Press: ? - help, Shift-Dir - straight line, f/p - jackal
Aim: a jackal (heavily wounded)
You miscast Flame Tongue.
Lukewarm flames ripple over your body. The jackal closely misses you. x2
The jackal misses you. The jackal barely misses you.
The jackal completely misses you.
You see here a hunting sling.
The jackal bites you.
You die...

#.....###...#...##
#.....##....#.####
###'####........ #
########.####..........
#............†.#.#..#..
#.######.####....#..# .
#.##...#>......).......
#.##.#.....##.......#..
#h#..h@..#.....#.#... .
#.#..h.........#.#..# .
#..............#.# .# .
###.......###.## .
#.......+ #... .
#.......# #..... .
#.(.....# #...... .
#.......# #...... .
#####.... .#.... .


You could see 2 jackals.

Vanquished Creatures
  A gnoll (D:1)
  A leopard gecko (D:1)
  A goblin (D:1)
  A hobgoblin (D:1)
  2 jackals (D:1)
  A frilled lizard (D:1)
  2 kobolds (D:1)
9 creatures vanquished.

Notes
Turn   | Place    | Note
-------+----------+-------------------------------------------
     0 | D:1      | Kriby the Mummy Fire Elementalist began the quest for the Orb.
     0 | D:1      | Reached XP level 1. HP: 13/13 MP: 4/4
    93 | D:1      | Reached skill level 3 in Spellcasting
    93 | D:1      | Reached skill level 1 in Conjurations
    93 | D:1      | Reached XP level 2. HP: 15/19 MP: 1/6
   411 | D:1      | Slain by a jackal

Vault maps used:
D:1:      dpeg_arrival_castle, minmay_tree_intersection

Skill      XL: |  1 |
---------------+----+-----
Spellcasting   | 3 |  3.2
Conjurations   | 1 |  1.4
Dodging        | |  1.5
Stealth        | |  1.5
Fire Magic     | |  2.6

Action                   || total
-------------------------++-------
Melee: Dagger            ||     7
       Unarmed           ||     2
 Cast: Flame Tongue      ||    20
Armor: Robe              ||     6
Dodge: Dodged            ||    17
